 Dungeon Crawl Stone Soup version 0.18.1-6-gd335043 (webtiles) character file.

886 nikopol the Poker (level 7, -1/94 HPs)
             Began as a Minotaur Berserker on May 17, 2016.
             Was a Priest of Trog.
             Slain by an ogre
             ... wielding a +0 giant spiked club
              (26 damage)
             ... on level 5 of the Dungeon.
             The game lasted 00:10:19 (3228 turns).

nikopol the Poker (Minotaur Berserker)              Turns: 3228, Time: 00:10:20

Health: -1/94      AC: 10    Str: 27    XL:     7   Next: 76%
Magic:  6/6        EV: 13    Int:  4    God:    Trog [***...]
Gold:   478        SH:  0    Dex: 11    Spells: 0 memorised, 6 levels left

rFire  . . .     SeeInvis .     t - +0 scythe
rCold  . . .     Gourm    .     n - +0 ring mail
rNeg   + . .     Faith    +     (shield currently unavailable)
rPois  .         Spirit   .     (helmet restricted)
rElec  .         Dismiss  .     h - +1 cloak
rCorr  .         Reflect  .     g - +0 pair of gloves
SustAt .         Harm     .     u - +0 pair of boots
MR     .....                    F - amulet of faith
Stlth  ..........               j - ring of positive energy
                                i - ring of wizardry

@: berserking, very quick, not resistant to hostile enchantments, extremely
unstealthy
A: retaliatory headbutt, horns 2
a: Berserk, Trog's Hand, Burn Spellbooks, Renounce Religion


You were on level 5 of the Dungeon.
You worshipped Trog.
Trog was most pleased with you.
You were not hungry.

You visited 1 branch of the dungeon, and saw 5 of its levels.
You also visited: Ossuary.

You collected 478 gold pieces.

Inventory:

Hand Weapons
 a - a +0 spear
 t - a +0 scythe (weapon)
Armour
 b - a +0 animal skin
 f - a +0 leather armour
 g - a +0 pair of gloves (worn)
 h - a +1 cloak (worn)
 n - a +0 ring mail (worn)
 u - a +0 pair of boots (worn)
Jewellery
 i - a ring of wizardry (left hand)
 j - a ring of positive energy (right hand)
 F - an amulet of faith (around neck)
Scrolls
 e - 3 scrolls of remove curse
 l - a scroll of teleportation {unknown}
 o - a scroll of enchant weapon {unknown}
 y - a scroll of immolation {unknown}
 E - a scroll of magic mapping {unknown}
 I - a scroll of fog {unknown}
Potions
 d - 2 potions of resistance
 k - a potion of degeneration {unknown}
 m - a potion of magic {unknown}
 p - a potion of berserk rage {unknown}
 q - 2 potions of might {unknown}
 r - 2 potions of agility {unknown}
 s - 3 potions of heal wounds {unknown}
 v - 3 potions of curing {unknown}
 x - 2 potions of flight {unknown}
 z - a potion of lignification {unknown}
 A - a potion of cure mutation {unknown}
 B - a potion of invisibility {unknown}
Comestibles
 c - 4 bread rations
 w - a slice of pizza
 C - 2 fruits
 D - 3 chunks of flesh
 G - a royal jelly
 H - 2 meat rations


   Skills:
 + Level 6.0 Fighting
 * Level 6.8 Polearms
 + Level 5.4 Armour
 + Level 5.4 Dodging


You had 6 spell levels left.
You didn't know any spells.

Dungeon Overview and Level Annotations

Branches:
Dungeon (5/15)             Temple (0/1) D:4

Altars:
Fedhas
Nemelex Xobeh
Okawaru
Zin


Innate Abilities, Weirdness & Mutations

You reflexively headbutt those who attack you in melee.
You have a pair of horns on your head.


Message History

The ogre hits you with a giant spiked club!
You barely miss the ogre.
The ogre is severely wounded.
The hound bites you.
* * * LOW HITPOINT WARNING * * *
The hound stops to sniff the ground.
The hound closely misses you. The ogre barely misses you.
The hound bites you but does no damage.
A jelly comes into view.
You are too injured to fight recklessly!
A red film seems to cover your vision as you go berserk!
You feel yourself moving faster!
You feel mighty!
You feel somewhat more hungry. The hound closely misses you.
You furiously retaliate!
You headbutt the hound! The howler monkey closely misses you.
You furiously retaliate!
You headbutt the howler monkey!
The howler monkey bites you but does no damage.
The jelly moves out of view.
The ogre hits you with a giant spiked club!!
You die...

#.. .. ..h .# . ..
.# .. #. .###...
##.##..... #...S...
#..... #.#hhO#
#.....###.#.@.##
#..............#
#.....#.##.##......
#####...... #..#
#.####
..........###.## .#
...........##.## .#
...............# #
..........##.#......
........).##.###.#..


You could see an ogre, a howler monkey, a hound and an adder.

Vanquished Creatures
  Sigmund (D:3)
  Menkaure (D:4)
  An ogre (D:3)
  A water moccasin zombie (D:5)
  2 hounds
  2 orc priests
  An orc wizard (D:5)
  Jessica (D:3)
  Terence (D:3)
  Ijyb (D:3)
  A worker ant (D:4)
  A hound skeleton (D:4)
  8 mummies (Ossuary)
  Robin (D:2)
  2 adders
  A worm (D:4)
  A dart slug (D:1)
  3 giant geckos
  8 orcs
  4 ball pythons
  6 giant cockroaches
  12 goblins
  7 hobgoblins
  8 jackals
  3 quokkas
  10 bats
  A giant gecko zombie (D:4)
  2 giant newts
  3 hobgoblin zombies (Ossuary)
  3 kobolds
  5 kobold zombies (Ossuary)
  3 rats
105 creatures vanquished.

Notes
Turn   | Place    | Note
--------------------------------------------------------------
     0 | D:1      | nikopol the Minotaur Berserker began the quest for the Orb.
     0 | D:1      | Reached XP level 1. HP: 19/19 MP: 0/0
   276 | D:1      | Reached XP level 2. HP: 26/27 MP: 1/1
   739 | D:1      | Reached XP level 3. HP: 33/33 MP: 2/2
   949 | D:2      | Reached ** piety under Trog
  1007 | D:2      | Found an iron altar of Okawaru.
  1144 | D:2      | Noticed Robin
  1149 | D:2      | Killed Robin
  1420 | D:3      | Noticed an ogre
  1425 | D:3      | Killed an ogre
  1425 | D:3      | Reached XP level 4. HP: 41/41 MP: 3/3
  1425 | D:3      | Reached XP level 5. HP: 47/47 MP: 4/4
  1516 | D:3      | Noticed Jessica
  1530 | D:3      | Found a sparkling altar of Nemelex Xobeh.
  1532 | D:3      | Killed Jessica
  1624 | D:3      | Noticed Ijyb
  1631 | D:3      | Killed Ijyb
  1713 | D:3      | Noticed Sigmund
  1723 | D:3      | Killed Sigmund
  1723 | D:3      | Reached skill level 5 in Fighting
  1723 | D:3      | Reached skill level 5 in Polearms
  1723 | D:3      | Reached XP level 6. HP: 56/56 MP: 5/5
  1835 | D:3      | Found a blossoming altar of Fedhas.
  1863 | D:3      | Noticed Terence
  1867 | D:3      | Killed Terence
  2131 | D:4      | Reached *** piety under Trog
  2147 | D:4      | Found a sand-covered staircase.
  2155 | Ossuary  | Entered an ossuary
  2366 | Ossuary  | Reached XP level 7. HP: 38/61 MP: 6/6
  2622 | D:4      | Found a staircase to the Ecumenical Temple.
  2673 | D:4      | Found a glowing silver altar of Zin.
  2734 | D:4      | Reached skill level 5 in Dodging
  2807 | D:4      | Noticed Menkaure
  2812 | D:4      | Killed Menkaure
  2812 | D:4      | Reached skill level 5 in Armour
  3052 | D:5      | Entered Level 5 of the Dungeon
  3228 | D:5      | Slain by an ogre

Skill      XL: |  1  2  3  4  5  6  7 |
---------------+----------------------+-----
Polearms       | 4 5 6 |  6.8
Dodging        | 3 4 5 |  5.4
Armour         | 3 4 5 |  5.4
Fighting       | 4 5 6 |  6.0

Action                   |  1- 3 |  4- 6 |  7- 9 || total
-------------------------+-------+-------+-------++-------
Melee: Spear             |   132 |    23 |       ||   155
       Headbutt          |    15 |     9 |     7 ||    31
       Scythe            |       |    76 |    49 ||   125
Invok: Berserk           |     1 |     5 |     2 ||     8
       Burn Spellbooks   |       |     1 |       ||     1
  Use: Scroll            |       |     3 |       ||     3
  Eat: Chunk             |     2 |     9 |     4 ||    15
Armor: Leather armour    |    30 |       |       ||    30
       Ring mail         |     2 |    37 |    16 ||    55
Dodge: Dodged            |    48 |    79 |    31 ||   158
